 Dungeon Sprint DCSS version 0.26.1-11-gd32895ea62 (webtiles) character file.

Game seed: 13489605938811204165

1100000 Groucho the Spry (level 13, -43/86 HPs)
             Began as a Ghoul Ice Elementalist on July 5, 2021.
             Was an Initiate of Makhleb.
             Annihilated by a meat berserker
             ... wielding a +9 battleaxe
              (57 damage)
             ... in the Dungeon (Sprint VIII: "Arena of Blood").
             The game lasted 00:00:58 (11 turns).

Groucho the Spry (Ghoul Ice Elementalist)             Turns: 11, Time: 00:01:00

Health: -43/86     AC:  2    Str: 13    XL:     13   Next: 28%
Magic:  14/14      EV: 25    Int: 10    God:    Makhleb [......]
Gold:   0          SH:  0    Dex: 13    Spells: 14/15 levels left

rFire    . . .     SeeInvis .   (no weapon)
rCold    + . .     Faith    .   (no shield)
rNeg     + + +     Spirit   .   a - +0 robe
rPois    ∞         Reflect  .   (no helmet)
rElec    .         Harm     .   (no cloak)
rCorr    .         Rampage  .   (no gloves)
Will     .....     NoTele   +   (no boots)
Stlth    ++........             (no amulet)
HPRegen  0.00/turn              (no ring)
MPRegen  0.14/turn              (no ring)

@: no status effects
A: claws 1, cold resistance 1, negative energy resistance 3, inhibited
regeneration, torment resistance, unbreathing
a: Renounce Religion


You were in the Dungeon.
You worshipped Makhleb.
Makhleb was noncommittal.
You visited 1 branch

Inventory:

Armour
 a - a +0 robe (worn)
Scrolls
 g - a scroll of blinking
Potions
 c - a potion of curing
 d - a potion of heal wounds
 e - a potion of haste
 f - 2 potions of magic


   Skills:
 + Level 20.7 Axes
 + Level 20.8 Dodging
 - Level 2.1 Stealth
 - Level 1.7 Spellcasting
 - Level 4.3 Ice Magic


You had 14 spell levels left.
You knew the following spells:

 Your Spells              Type           Power        Failure   Level
a - Freeze                Ice            36%          5%          1

Your spell library contained the following spells:

 Spells                   Type           Power        Failure   Level
 Frozen Ramparts          Ice            18%          16%         3
 Ozocubu's Armour         Ice            9%           16%         3
 Hailstorm                Conj/Ice       5%           78%         4
 Summon Ice Beast         Ice/Summ       5%           78%         4


Dungeon Overview and Level Annotations

Branches:
Dungeon (1/1)

Altars:
Makhleb


Innate Abilities, Weirdness & Mutations

You thrive by killing the living.
You are immune to poison.
You have sharp fingernails.
Your flesh is cold resistant. (rC+)
You are immune to negative energy. (rN+++)
You do not regenerate when monsters are visible.
You are immune to unholy pain and torment.
You can survive without breathing.


Message History

You continue memorising.
The bag of meat shouts!
You hear a shout! x2
The meat berserker hits you with a +9 battleaxe!!!!
Your memorisation is interrupted.
Ouch! That really hurt!
* * * LOW HITPOINT WARNING * * *
You hear a shout! x2
A bag of meat comes into view. It is wielding a +9 war axe.
You hear a shout! x3
The bag of meat barely misses you.
You hear a shout!
Unknown command.
Press < or > to pray at altars.
The bag of meat shouts!
You scratch the meat berserker.
The meat berserker is lightly wounded.
You hear a shout! x2
The meat berserker hits you with a +9 battleaxe!!!
Ouch! That really hurt!
You die...

....o .. #.o.
.# . #... ..#
..###... ..###.
......###......
...O._......
#.....# #@o<._#
#Oo...#
....._......
......###......
..###... ..###.
o #... ..# #...
.# ..... ..


You could see 2 meat berserkers and 4 bags of meat.

Vanquished Creatures
  An ogre (D)
1 creature vanquished.

Notes
Turn   | Place    | Note
-------+----------+-------------------------------------------
     0 | D        | Found the +∞ Axe of Woe
     0 | D        | Groucho the Ghoul Ice Elementalist began the quest for the
                  | Orb.
     0 | D        | Reached XP level 1. HP: 14/14 MP: 2/2
     1 | D        | Noticed a meat berserker
     2 | D        | Noticed a bag of meat
     4 | D        | Became a worshipper of Makhleb the Destroyer
     4 | D        | Noticed a bag of meat
     5 | D        | Killed a meat berserker
     5 | D        | Noticed a meat berserker
     6 | D        | Reached XP level 2. HP: 20/20 MP: 3/3
     6 | D        | Reached XP level 3. HP: 26/26 MP: 4/4
     6 | D        | Reached XP level 4. HP: 33/33 MP: 5/5
     6 | D        | Reached XP level 5. HP: 38/38 MP: 6/6
     6 | D        | Reached XP level 6. HP: 45/45 MP: 7/7
     6 | D        | Reached XP level 7. HP: 50/50 MP: 8/8
     6 | D        | Reached XP level 8. HP: 57/57 MP: 9/9
     6 | D        | Reached XP level 9. HP: 62/62 MP: 10/10
     6 | D        | Reached XP level 10. HP: 69/69 MP: 11/11
     6 | D        | Reached XP level 11. HP: 74/74 MP: 12/12
     6 | D        | Reached XP level 12. HP: 81/81 MP: 13/13
     6 | D        | Reached XP level 13. HP: 86/86 MP: 14/14
     6 | D        | Noticed a bag of meat
     7 | D        | Noticed a meat berserker
     9 | D        | Noticed a bag of meat
    10 | D        | Noticed a bag of meat
    11 | D        | Annihilated by a meat berserker

Illustrated notes

Levels and vault maps discovered:
D:        meatsprint

Skill      XL: |  1 |
---------------+----+-----
Axes           | 20 | 20.7
Dodging        | 20 | 20.8
Stealth        | |  2.1
Spellcasting   | |  1.7
Ice Magic      | |  4.3

Action                   |  1- 3 |  4- 6 |  7- 9 | 10-12 | 13-15 || total
-------------------------+-------+-------+-------+-------+-------++-------
Melee: Executioner's axe |     1 |       |       |       |       ||     1
       Unarmed           |       |       |       |       |     1 ||     1
Dodge: Dodged            |       |       |       |       |     1 ||     1
